 Dungeon Crawl Stone Soup version 0.32-a0-656-g3542139ebd (webtiles) character file.

Game seed: 1592496556542935203

3087 Dittersdorf the Protected (level 9, 0/59 HPs)
             Began as a Gargoyle Fighter on Mar 8, 2024.
             Killed by divine providence
             ... invoked by an orc priest
              (12 damage)
             ... on level 7 of the Dungeon.
             The game lasted 00:09:52 (5968 turns).

Dittersdorf the Protected (Gargoyle Fighter)        Turns: 5968, Time: 00:09:53

Health: 0/59       AC: 25    Str: 25    XL:     9   Next: 89%
Magic:  9/9        EV:  7    Int:  8    God:
Gold:   258        SH:  5    Dex:  9    Spells: 8/8 levels left

rFire   . . .        D - +1 flail (drain)
rCold   . . .        c - +0 buckler
rNeg    + . .        u - +0 plate armour
rPois   ∞            g - +0 helmet
rElec   +            (no cloak)
rCorr   .            E - +0 pair of gloves
SInv    .            k - +1 pair of boots
Will    +....        h - amulet of regeneration Stlth
                     B - ring of willpower
HPRegen 1.09/turn    n - ring of flight
MPRegen 0.11/turn

%: no passive effects
@: flying
A: sickness immunity, AC +6, negative energy resistance 1, electricity
resistance, torment resistance 1, petrification resistance
a: Convert to Beogh


You were on level 7 of the Dungeon.
You visited 1 branch of the dungeon, and saw 7 of its levels.
You also visited: Sewer and Ossuary.

You collected 258 gold pieces.

Inventory:

Hand Weapons
 D - a +1 flail of draining (weapon)
 F - a +0 morningstar
Armour
 c - a +0 buckler (worn)
 g - a +0 helmet (worn)
 k - a +1 pair of boots (worn)
 u - a +0 plate armour (worn)
 E - a +0 pair of gloves (worn)
Jewellery
 h - an amulet of regeneration (around neck)
 n - a ring of flight (right hand)
 t - a ring of ice
 v - a ring of fire
 A - a ring of wizardry
 B - a ring of willpower (left hand)
Scrolls
 e - 3 scrolls of poison
 i - a scroll of fog
 j - 2 scrolls of fear
 y - 3 scrolls of teleportation
 C - a scroll of revelation
Potions
 a - 2 potions of attraction {unknown}
 b - a potion of enlightenment {unknown}
 d - 2 potions of might
 f - 2 potions of invisibility {unknown}
 l - 3 potions of haste {unknown}
 m - 7 potions of mutation
 o - 3 potions of curing {unknown}
 p - a potion of magic {unknown}
 q - 2 potions of cancellation {unknown}
 r - a potion of berserk rage
 s - a potion of resistance
 w - a potion of heal wounds {unknown}
 x - a potion of ambrosia
 z - 2 potions of brilliance


   Skills:
 + Level 8.1 Fighting
 + Level 7.0 Maces & Flails
 + Level 8.1 Armour
 + Level 8.0 Shields


You had 8 spell levels left.
You didn't know any spells.
Your spell library was empty.

Dungeon Overview and Level Annotations

Branches:
Dungeon (7/15)              Sewer (visited)         Ossuary (visited)
 Temple: D:4-7

Altars:
Elyvilon
Fedhas
Hepliaklqana
Makhleb
Okawaru
Ru
Trog
Vehumet
The Shining One

Shops:
D:1 ?   D:6 *


Innate Abilities, Weirdness & Mutations

You are immune to sickness and miasma.
Your stone body is resilient. (AC +6)
You are immune to poison.
You resist negative energy. (rN+)
You are resistant to electric shocks. (rElec)
You are resistant to unholy torment.
You are immune to petrification.


Message History

You block the orc's attack. x2; The orc hits you with a +0 hand axe.
* * * LOW HITPOINT WARNING * * *
The gnoll closely misses you. The gnoll sergeant closely misses you.
The bullfrog closely misses you.
You completely miss something. Something hits you but does no damage.
The gnoll hits you but does no damage. You block the gnoll sergeant's attack.
The gnoll hits you but does no damage. Something hits you but does no damage.
The orc hits you but does no damage. The orc closely misses you.
You block the orc's attack.
The bullfrog hits you but does no damage.
The gnoll hits you but does no damage.
You thump something!
Reactivating autopickup.
You feel a bit more experienced.
The orc priest shouts, "Surrender to Beogh and we'll let you live!"
The bullfrog hits you but does no damage.
Something hits you but does no damage.
Deactivating autopickup; reactivate with Ctrl-A.
The gnoll hits you but does no damage.
The gnoll sergeant completely misses you.
The gnoll completely misses you. The orc barely misses you.
The orc hits you but does no damage. You block the orc's attack.
The gnoll hits you but does no damage. The bullfrog barely misses you.
Something hits you but does no damage. The gnoll sergeant barely misses you.
The orc hits you but does no damage. The orc barely misses you.
The orc priest looks encouraged for a moment.
The gnoll hits you but does no damage.
The gnoll hits you from afar with a +0 spear.
* * * LOW HITPOINT WARNING * * *
Things that are here:
a +0 dagger; a +0 robe; an orc corpse The gnoll sergeant barely misses you.
The orc barely misses you. The orc attacks as it pursues you!
The orc hits you but does no damage.
The gnoll sergeant hits you but does no damage.
You block something's attack. The orc hits you but does no damage.
The orc hits you with a +0 hand axe.
* * * LOW HITPOINT WARNING * * *
The orc priest mumbles some strange prayers to Beogh against you.
Beogh smites you!
You die...

#.#...(. .
#.#.........##..
#.#..##..##.#..#
#.#.###...#.#..# .
#..............##.. ...
###...............o .....
#.##..##........
......####.....##gY.....#
..........<#..@.ogoO#
...........###Fo.og.#
............##...gg.#
...........##.......#
.(.........###........
...........###..#..##..#
.............#..#### ...#
................# ...#
.#...........##.. ....


You could see an ice beast, an ogre, a gnoll sergeant, a bullfrog, an orc
priest, 4 gnolls and 3 orcs.

Vanquished Creatures
  A water moccasin (D:4)
  An orc warrior (D:7)
  2 ice beasts (D:6)
  2 ogres (D:5)
  A black bear (D:6)
  Pargi (D:3)
  A centaur (D:5)
  A phantom (D:5)
  A kobold brigand (Sewer)
  2 brain worms (Sewer)
  12 scorpions
  A gnoll sergeant (D:6)
  The ghost of Poisondrake the Poker, a weakling GnCK of Xom (D:3)
  4 killer bees (D:6)
  A bombardier beetle (D:5)
  2 centaur zombies (Ossuary)
  3 human zombies (Ossuary)
  A hound (D:5)
  3 jellies
  2 orc priests
  2 sleepcaps
  An iguana (D:6)
  3 scorpion zombies (Ossuary)
  4 orc wizards
  3 mummies (Ossuary)
  4 gnolls (D:6)
  8 adders
  3 river rats
  2 white imps
  4 ufetubi (D:6)
  An adder zombie (Ossuary)
  7 ribbon worms
  4 dart slugs
  3 adder simulacra (D:3)
  22 orcs
  12 ball pythons
  5 bats
  9 endoplasms
  4 giant cockroaches
  3 gnoll zombies (Ossuary)
  7 goblins
  5 hobgoblins
  8 jackals
  11 kobolds
  2 quokkas
  2 ball python zombies (Ossuary)
  4 frilled lizards
  2 jackal zombies (Ossuary)
  A kobold zombie (D:4)
  4 orc zombies (Ossuary)
  A quokka simulacrum (D:3)
  11 rats
205 creatures vanquished.

Notes
Turn   | Place    | Note
-------+----------+-------------------------------------------
     0 | D:1      | Dittersdorf the Gargoyle Fighter began the quest for the
                  | Orb.
     0 | D:1      | Reached XP level 1. HP: 14/14 MP: 1/1
    77 | D:1      | Reached XP level 2. HP: 19/19 MP: 2/2
   158 | D:1      | Found Yryir's Magic Scroll Shop.
   342 | D:1      | Reached XP level 3. HP: 24/24 MP: 3/3
  1305 | D:3      | Noticed Pargi
  1323 | D:3      | Killed Pargi
  1324 | D:3      | Reached XP level 4. HP: 29/29 MP: 4/4
  1324 | D:3      | Reached XP level 5. HP: 33/33 MP: 5/5
  1561 | D:3      | Found a glowing drain.
  1582 | Sewer    | Entered a sewer
  1792 | Sewer    | Noticed a kobold brigand
  1858 | Sewer    | Killed a kobold brigand
  1859 | Sewer    | Reached XP level 6. HP: 35/39 MP: 4/6
  1932 | Sewer    | Reached skill level 5 in Fighting
  1932 | Sewer    | Reached skill level 5 in Armour
  1932 | Sewer    | Reached skill level 5 in Shields
  2055 | Sewer    | Reached XP level 7. HP: 44/44 MP: 7/7
  2254 | D:3      | Found a blossoming altar of Fedhas.
  2254 | D:3      | Found a hazy altar of Hepliaklqana.
  2408 | D:3      | Found a runed translucent gate.
  2408 | D:3      | Found a runed translucent gate.
  2408 | D:3      | Found a runed translucent gate.
  2959 | D:3      | Noticed Poisondrake's ghost (weakling GnCK)
  2998 | D:3      | Killed Poisondrake's ghost
  3216 | D:4      | Found an iron altar of Okawaru.
  3245 | D:4      | Found a sand-covered staircase.
  3254 | Ossuary  | Entered an ossuary
  3361 | Ossuary  | Reached XP level 8. HP: 51/51 MP: 8/8
  3455 | Ossuary  | Reached skill level 5 in Maces & Flails
  3810 | D:4      | You are sucked into a shaft and drop 2 floors!
  3908 | D:5      | Entered Level 5 of the Dungeon
  4610 | D:4      | Reached XP level 9. HP: 57/57 MP: 9/9
  4673 | D:5      | Found a white marble altar of Elyvilon.
  4919 | D:5      | Found a radiant altar of Vehumet.
  4953 | D:5      | Found a sacrificial altar of Ru.
  5394 | D:6      | Found Giennat's Assorted Antiques.
  5398 | D:6      | Found a glowing golden altar of the Shining One.
  5474 | D:6      | Found a bloodstained altar of Trog.
  5479 | D:6      | Found a burning altar of Makhleb.
  5968 | D:7      | Killed from afar by an orc priest

Illustrated notes

Levels and vault maps discovered:
D:1:      dpeg_arrival_prison, layout_basic, serial_shops, shop,
          kennysheep_another_room
D:2:      layout_loops_ring, kennysheep_boxes
D:3:      layout_basic, amethyst_overflow_temple_binary,
          lightli_sewer_entry_pipes, gammafunk_ghost_icy, uniq_pargi
D:4:      layout_basic, okawaru_metal_pillars_1_2, enter_ossuary_3
D:5:      layout_cave_pools, mainiacjoe_overflow_brackets,
          mainiacjoe_overflow_catwalk, nicolae_ru_great_annihilating_truth
D:6:      layout_cave_pods, grunt_temple_overflow_open,
          mainiacjoe_overflow_chevrons, serial_shops, shop
D:7:      layout_cave_pools, minmay_temple_entry_proselytizer, serial_shops,
          shop, nicolae_shop_overcharged_wands, uniq_jeremiah

Skill      XL: |  1  2  3  4  5  6  7  8  9 |
---------------+----------------------------+-----
Fighting       | 4 5 7 8 |  8.1
Maces & Flails | 3 4 5 7 |  7.0
Armour         | 4 5 7 8 |  8.1
Shields        | 4 5 6 8 |  8.0

Action                     |  1- 3 |  4- 6 |  7- 9 || total
---------------------------+-------+-------+-------++-------
  Melee: Flail             |   149 |   159 |   566 ||   874
    Use: Scroll            |     6 |     1 |     7 ||    14
   Stab: Paralysed         |       |       |     1 ||     1
 Armour: Scale mail        |   119 |   117 |   344 ||   580
         Plate armour      |       |       |   389 ||   389
         Skin              |       |       |     1 ||     1
  Dodge: Dodged            |    79 |    84 |   362 ||   525
  Block: Buckler           |    46 |    47 |   227 ||   320

Table legend: (Time is in decaauts)
 A = Elapsed time spent in this place.
 B = Non-inter-level travel time spent in this place.
 C = Inter-level travel time spent in this place.
 D = Time resting spent in this place.
 E = Time spent auto-exploring this place.
 F = Levels seen in this place.
 G = Mean time per level.
                   A        B        C        D        E       F      G
               +--------+--------+--------+--------+--------+-----+--------+
         Total |   6137 |   5772 |    365 |     79 |   3480 |   9 |  681.9 |
       Dungeon |   5106 |   4741 |    365 |     10 |   3091 |   7 |  729.4 |
         Sewer |    621 |    621 |      0 |     69 |    266 |   1 |  621.0 |
       Ossuary |    409 |    409 |      0 |      0 |    123 |   1 |  409.0 |
               +--------+--------+--------+--------+--------+-----+--------+

Top non-repeatable levels by time:
     D:3: 1213 daAuts
     D:4: 974 daAuts
     D:6: 862 daAuts
     D:1: 677 daAuts
     D:2: 657 daAuts
     D:5: 655 daAuts
   Sewer: 621 daAuts
 Ossuary: 409 daAuts
     D:7: 66 daAuts
